 Dungeon Crawl Stone Soup version 0.29-a0-350-g7790a0e70a (webtiles) character file.

Game seed: 12561596560584827379

252 ObtusePanda the Shield-Bearer (level 6, -2/53 HPs)
             Began as a Gnoll Fighter on Apr 22, 2022.
             Was a Plaything of Xom.
             Slain by a gnoll
             ... wielding a +0 whip
              (3 damage)
             ... on level 4 of the Dungeon.
             The game lasted 00:10:12 (3026 turns).

ObtusePanda the Shield-Bearer (Gnoll Fighter)       Turns: 3026, Time: 00:10:14

Health: -2/53      AC: 13    Str: 18    XL:     6   Next: 13%
Magic:  17/17      EV:  6    Int:  9    God:    Xom [..*...]
Gold:   53         SH:  5    Dex:  9    Spells: 8/8 levels left

rFire   . . .      SeeInvis .   a - +0 long sword
rCold   . . .      Faith    .   c - +0 buckler
rNeg    . . .      Spirit   .   j - +0 plate armour
rPois   .          Reflect  .   (no helmet)
rElec   .          Harm     .   (no cloak)
rCorr   .          Rampage  .   (no gloves)
Will    .....                   (no boots)
Stlth   ..........              (no amulet)
HPRegen 0.17/turn               n - ring of magical power
MPRegen 0.15/turn               (no ring)

@: about to teleport
A: fangs 1, strong nose, distributed training, hooves 1, clever 1, clumsy 1
a: Renounce Religion


You were on level 4 of the Dungeon.
You worshipped Xom.
You were a toy of Xom.
You visited 1 branch of the dungeon, and saw 5 of its levels.

You collected 161 gold pieces.
You spent 108 gold pieces at shops.

Inventory:

Hand Weapons
 a - a +0 long sword (weapon)
 f - a +0 dagger of draining
 s - a +0 falchion
Armour
 b - a +0 scale mail
 c - a +0 buckler (worn)
 j - a +0 plate armour (worn)
Jewellery
 l - a ring of magical power
 n - a ring of magical power (left hand)
Scrolls
 d - a scroll of fear {unknown}
 e - a scroll of summoning {unknown}
 g - 3 scrolls of fog {unknown}
 h - 2 scrolls of amnesia {unknown}
 i - 6 scrolls of identify {unknown}
 m - a scroll of blinking {unknown}
 p - 2 scrolls of noise {unknown}
 q - 2 scrolls of magic mapping {unknown}
 r - a scroll of silence {unknown}
 t - 2 scrolls of teleportation
 u - a scroll of brand weapon {unknown}
 w - a scroll of immolation {unknown}
Potions
 k - a potion of degeneration {unknown}
 v - a potion of invisibility {unknown}


   Skills:
 + Level 6.8 Fighting
 + Level 1.8 Short Blades
 + Level 4.9 Long Blades
 + Level 1.8 Axes
 + Level 1.8 Maces & Flails
 + Level 1.8 Polearms
 + Level 1.8 Staves
 + Level 1.8 Slings
 + Level 1.8 Bows
 + Level 1.8 Crossbows
 + Level 1.8 Throwing
 + Level 6.8 Armour
 + Level 1.8 Dodging
 + Level 1.8 Stealth
 + Level 6.8 Shields
 + Level 1.8 Unarmed Combat
 + Level 1.8 Spellcasting
 + Level 1.4 Conjurations
 + Level 1.4 Hexes
 + Level 1.4 Summonings
 + Level 1.4 Necromancy
 + Level 1.4 Translocations
 + Level 1.4 Transmutations
 + Level 1.4 Fire Magic
 + Level 1.4 Ice Magic
 + Level 1.4 Air Magic
 + Level 1.4 Earth Magic
 + Level 1.4 Poison Magic
 + Level 2.0 Invocations
 + Level 1.8 Evocations


You had 8 spell levels left.
You didn't know any spells.
Your spell library contained the following spells:

 Spells                   Type           Power      Damage    Failure   Level
 Ensorcelled Hibernation  Hex/Ice        6%         N/A       100%        2
 Spider Form              Tmut/Pois      3%         N/A       100%        3
 Anguish                  Hex/Necr       1%         N/A       100%        4


Dungeon Overview and Level Annotations

Branches:
Dungeon (5/15)             Temple (0/1) D:4

Altars:
Ashenzari
Xom
The Shining One

Shops:
D:3 ?


Innate Abilities, Weirdness & Mutations

You have very sharp teeth.
Your uncanny sense of smell can sniff out nearby items.
Your experience applies equally to all skills.
You have large cloven feet.
Your mind is acute. (Int +2)
You are clumsy. (Dex -2)


Message History

The hound barks!
Your kick misses the black bear. The gnoll hits you with a +0 whip!
The black bear bites you but does no damage.
You block the black bear's attack. The black bear closely misses you.
The gnoll barely misses you. The gnoll hits you but does no damage.
The gnoll hits you with a +0 whip. The black bear bites you.
* * * LOW HITPOINT WARNING * * *
The black bear barely misses you. The black bear closely misses you.
You block the gnoll's attack.
As you read the scroll of teleportation, it crumbles to dust.
You feel strangely unstable. The gnoll hits you with a +0 whip.
* * * LOW HITPOINT WARNING * * *
The gnoll hits you but does no damage. x2; The black bear bites you.
* * * LOW HITPOINT WARNING * * *
The black bear barely misses you. You block the black bear's attack.
You hit the gnoll. Your kick misses the gnoll. Your bite misses the gnoll.
The gnoll is moderately wounded.
The gnoll hits you but does no damage.
The black bear bites you but does no damage.
The black bear barely misses you. x2; The gnoll hits you but does no damage. x2
The hound bites you.
* * * LOW HITPOINT WARNING * * *
You hit the gnoll. You bite the gnoll, but do no damage.
The gnoll is severely wounded.
You block the gnoll's attack. The hound bites you but does no damage.
The black bear bites you but does no damage.
The black bear completely misses you.
The black bear claws you but does no damage.
The gnoll barely misses you. The gnoll hits you with a +0 whip.
* * * LOW HITPOINT WARNING * * *
The gnoll hits you but does no damage.
You hit the gnoll.
You kill the gnoll!
You block the hound's attack. The gnoll hits you with a +0 whip.
* * * LOW HITPOINT WARNING * * *
The black bear barely misses you.
The black bear claws you but does no damage. x2
The gnoll hits you with a +0 whip.
You die...
Xom laughs nastily!

#..#####.#..#######
,, #...####....# ,,
#...........#
######.#.....##.###
.......#....#.....#
..###+..#..#......#
.........###..รทรท..#
..#.......###..gh.#
..........#..#.h@##
###......#....#g)#
#....##.....#..#
#.#............#
###.#.#.....#..#.#
....#.########'#'###
#####..............#
................(..#
############.......#


You could see a black bear, a hound and 2 gnolls.

Vanquished Creatures
  A centaur (D:5)
  A jelly (D:4)
  A gnoll (D:4)
  6 adders
  3 worms
  3 dart slugs
  9 orcs
  6 endoplasms
  3 goblins
  5 hobgoblins
  4 jackals
  4 kobolds
  3 quokkas
  6 ball pythons
  5 bats
  3 frilled lizards
  4 rats
67 creatures vanquished.

Notes
Turn   | Place    | Note
-------+----------+-------------------------------------------
     0 | D:1      | ObtusePanda the Gnoll Fighter began the quest for the Orb.
     0 | D:1      | Reached XP level 1. HP: 23/23 MP: 1/1
   223 | D:1      | Reached XP level 2. HP: 26/29 MP: 2/2
  1197 | D:2      | Reached XP level 3. HP: 30/35 MP: 3/3
  1672 | D:2      | Reached skill level 1 in Invocations
  1680 | D:2      | Found a faded altar of an unknown god.
  1823 | D:2      | Reached skill level 1 in Short Blades
  1823 | D:2      | Reached skill level 1 in Axes
  1823 | D:2      | Reached skill level 1 in Maces & Flails
  1823 | D:2      | Reached skill level 1 in Polearms
  1823 | D:2      | Reached skill level 1 in Staves
  1823 | D:2      | Reached skill level 1 in Slings
  1823 | D:2      | Reached skill level 1 in Bows
  1823 | D:2      | Reached skill level 1 in Crossbows
  1823 | D:2      | Reached skill level 1 in Throwing
  1823 | D:2      | Reached skill level 1 in Dodging
  1823 | D:2      | Reached skill level 1 in Stealth
  1823 | D:2      | Reached skill level 1 in Unarmed Combat
  1823 | D:2      | Reached skill level 1 in Spellcasting
  1823 | D:2      | Reached skill level 1 in Evocations
  1922 | D:3      | Found a shimmering altar of Xom.
  1935 | D:3      | Reached XP level 4. HP: 41/41 MP: 5/5
  1984 | D:3      | Became a worshipper of Xom of Chaos
  2221 | D:3      | Reached skill level 1 in Conjurations
  2221 | D:3      | Reached skill level 1 in Hexes
  2221 | D:3      | Reached skill level 1 in Summonings
  2221 | D:3      | Reached skill level 1 in Necromancy
  2221 | D:3      | Reached skill level 1 in Translocations
  2221 | D:3      | Reached skill level 1 in Transmutations
  2221 | D:3      | Reached skill level 1 in Fire Magic
  2221 | D:3      | Reached skill level 1 in Ice Magic
  2221 | D:3      | Reached skill level 1 in Air Magic
  2221 | D:3      | Reached skill level 1 in Earth Magic
  2221 | D:3      | Reached skill level 1 in Poison Magic
  2261 | D:3      | Found Ifesayx's Magic Scroll Shoppe.
  2273 | D:3      | Bought 3 scrolls of teleportation for 108 gold pieces
  2538 | D:4      | Found a broken altar of Ashenzari.
  2548 | D:4      | Noticed a black bear
  2719 | D:4      | Reached XP level 5. HP: 35/47 MP: 7/7
  2720 | D:4      | Found a staircase to the Ecumenical Temple.
  2771 | D:4      | XOM: silly message
  2780 | D:4      | XOM: divination: magic mapping
  2814 | D:4      | Gained mutation: Armour fits poorly on your strangely
                  | shaped body. [potion of mutation]
  2814 | D:4      | Gained mutation: You have a pair of small horns on your
                  | head. [potion of mutation]
  2815 | D:4      | Lost mutation: Armour fits poorly on your strangely shaped
                  | body. [potion of mutation]
  2815 | D:4      | Lost mutation: You have a pair of small horns on your head.
                  | [potion of mutation]
  2815 | D:4      | Gained mutation: You are clumsy. (Dex -2) [potion of
                  | mutation]
  2815 | D:4      | Gained mutation: You have large cloven feet. [potion of
                  | mutation]
  2815 | D:4      | Gained mutation: Your mind is acute. (Int +2) [potion of
                  | mutation]
  2820 | D:4      | Found a glowing golden altar of the Shining One.
  2938 | D:5      | Entered Level 5 of the Dungeon
  2964 | D:5      | Noticed a centaur
  2964 | D:5      | XOM: noise
  2994 | D:5      | Killed a centaur
  2995 | D:5      | Reached XP level 6. HP: 47/53 MP: 8/8
  3000 | D:5      | Noticed an ice beast
  3003 | D:5      | XOM: enchant monster (good)
  3007 | D:5      | XOM: divination: magic mapping
  3026 | D:4      | HP: 1/53 [gnoll/+0 whip (3)]
  3026 | D:4      | Slain by a gnoll

Illustrated notes

Levels and vault maps discovered:
D:1:      dpeg_arrival_simpleton_c, layout_basic, nrook_campfire
D:2:      layout_loops_ring, chequers_ecumenical_altar_simple,
          corexii_hall_statues_u
D:3:      layout_rooms, brannock_xom_greatest_gift, serial_shops, shop
D:4:      layout_basic, ashenzari_altar_1,
          nicolae_hepliaklqana_monster_ancestors, lemuel_coloured_pillars_altar,
          temple_fountains, minmay_misc_feat_chi
D:5:      layout_rooms, nicolae_ossuary_entry_false_entrances, serial_shops,
          shop_statue, chequers_serial_rivers_room_a,
          amcnicky_mini_corridor_feature, minmay_holes, minmay_misc_feat_rugged

Skill      XL: |  1  2  3  4  5 |
---------------+----------------+-----
Invocations    | 1 2 |  2.0
Short Blades   | 1 |  1.8
Axes           | 1 |  1.8
Maces & Flails | 1 |  1.8
Polearms       | 1 |  1.8
Staves         | 1 |  1.8
Slings         | 1 |  1.8
Bows           | 1 |  1.8
Crossbows      | 1 |  1.8
Throwing       | 1 |  1.8
Dodging        | 1 |  1.8
Stealth        | 1 |  1.8
Unarmed Combat | 1 |  1.8
Spellcasting   | 1 |  1.8
Evocations     | 1 |  1.8
Conjurations   | 1 |  1.4
Hexes          | 1 |  1.4
Summonings     | 1 |  1.4
Necromancy     | 1 |  1.4
Translocations | 1 |  1.4
Transmutations | 1 |  1.4
Fire Magic     | 1 |  1.4
Ice Magic      | 1 |  1.4
Air Magic      | 1 |  1.4
Earth Magic    | 1 |  1.4
Poison Magic   | 1 |  1.4
Fighting       | |  6.8
Long Blades    | |  4.9
Armour         | |  6.8
Shields        | |  6.8

Action                   |  1- 3 |  4- 6 || total
-------------------------+-------+-------++-------
Melee: Dagger            |    88 |       ||    88
       Bite              |    18 |     8 ||    26
       Long sword        |    43 |   119 ||   162
       Kick              |       |     3 ||     3
  Use: Potion            |       |     5 ||     5
       Scroll            |       |     1 ||     1
Armor: Scale mail        |    17 |       ||    17
       Plate armour      |    52 |   120 ||   172
Dodge: Dodged            |    29 |    50 ||    79
Block: Buckler           |    27 |    50 ||    77

Table legend: (Time is in decaauts)
 A = Elapsed time spent in this place.
 B = Non-inter-level travel time spent in this place.
 C = Inter-level travel time spent in this place.
 D = Time resting spent in this place.
 E = Time spent auto-exploring this place.
 F = Levels seen in this place.
 G = Mean time per level.
                   A        B        C        D        E       F      G
               +--------+--------+--------+--------+--------+-----+--------+
         Total |   3060 |   2879 |    181 |     11 |   1675 |   5 |  612.0 |
       Dungeon |   3060 |   2879 |    181 |     11 |   1675 |   5 |  612.0 |
               +--------+--------+--------+--------+--------+-----+--------+

Top non-repeatable levels by time:
     D:1: 1153 daAuts
     D:2: 770 daAuts
     D:3: 657 daAuts
     D:4: 434 daAuts
     D:5: 44 daAuts
